 Dungeon Sprint DCSS version 0.21-a0-274-gc1afaeb (webtiles) character file.

225 potatolord6000 the Cleaver (level 6, -3/61 HPs)
             Began as a Hill Orc Monk on Sept 19, 2017.
             Was a High Priest of Beogh.
             Slain by a guardian mummy (12 damage)
             ... in the Dungeon (Sprint VII: "The Pits").
             The game lasted 00:04:20 (1396 turns).

potatolord6000 the Cleaver (Hill Orc Monk)          Turns: 1396, Time: 00:04:21

Health: -3/61      AC: 13    Str: 16    XL:     6   Next: 1%
Magic:  11/11      EV:  8    Int: 10    God:    Beogh [*****.]
Gold:   0          SH:  0    Dex: 13    Spells: 5/5 levels left

rFire    . . .     SeeInvis .   f - +2 hand axe (freeze)
rCold    . . .     Gourm    .   (no shield)
rNeg     . . .     Faith    .   p - +3 chain mail
rPois    .         Spirit   .   (no helmet)
rElec    .         Reflect  .   (no cloak)
rCorr    .         Harm     .   (no gloves)
MR       .....     NoTele   +   (no boots)
Stlth    ..........             (no amulet)
HPRegen  0.20/turn              (no ring)
MPRegen  0.12/turn              (no ring)

@: no status effects
A: walk on water
a: Smiting, Recall Orcish Followers, Give Item to Named Follower, Renounce
Religion


You were in the Dungeon.
You worshipped Beogh.
Beogh was extremely pleased with you.
You were completely stuffed.

You visited 1 branch

Inventory:

Hand Weapons
 f - a +2 hand axe of freezing (weapon)
Armour
 p - a +3 chain mail (worn)
Scrolls
 i - a scroll of blinking
 k - 3 scrolls of remove curse
 l - 5 scrolls of amnesia
 m - a scroll of summoning
Potions
 a - a potion of invisibility
 d - 5 potions of heal wounds
 e - 5 potions of curing
 g - 4 potions of magic
 h - 2 potions of berserk rage
Comestibles
 c - 8 bread rations
 n - 40 fruits
 o - 5 meat rations


   Skills:
 + Level 8.1 Fighting
 + Level 8.7 Axes
 + Level 6.2 Armour
 - Level 2.4 Dodging
 - Level 1.5 Stealth
 + Level 7.4 Invocations


You had 5 spell levels left.
You didn't know any spells.

Dungeon Overview and Level Annotations

Branches:
Dungeon (1/1)

Altars:
Ashenzari
Cheibriados
Dithmenos
Elyvilon
Fedhas
Gozag
Hepliaklqana
Kikubaaqudgha
Makhleb
Nemelex Xobeh
Okawaru
Qazlal
Ru
Sif Muna
Trog
Uskayaw
Vehumet
Wu Jian
Xom
Yredelemnul
Zin
The Shining One
Beogh
Jiyva
Lugonu


Message History

Your orc barely misses the guardian mummy.
The guardian mummy closely misses you.
Unknown command.
You hit the guardian mummy but do no damage.
The guardian mummy is lightly damaged.
The guardian mummy hits you!!
Unknown command.
You hit the guardian mummy.
The guardian mummy is moderately damaged.
The guardian mummy hits you!!
* * * LOW HITPOINT WARNING * * *
Unknown command.
You hit the guardian mummy.
The guardian mummy is moderately damaged.
Your orc warrior hits the guardian mummy with a club.
Unknown command.
You barely miss the guardian mummy.
The guardian mummy is moderately damaged.
The guardian mummy hits you!
You die...

#.#........##.......#
#'###########.......#
#..)÷÷..# #########
#).†)...# #...#...#
#..###..#+#
#...#...#.+
#......o#M#
#......oo@#
###########


You could see a guardian mummy, a friendly orc warrior and 2 friendly orcs.

Vanquished Creatures
  A centaur (D)
  A hound (D)
  An orc wizard (D)
  A worker ant (D)
  2 adders (D)
  An ufetubus (D)
  An orc (D)
  2 bats (D)
  A jackal (D)
  A kobold (D)
  A rat (D)
13 creatures vanquished.

Vanquished Creatures (collateral kills)
  An orc priest (D)
  A mummy (D)
  A bat (D)
  A goblin (D)
  A jackal (D)
5 creatures vanquished.

Grand Total: 18 creatures vanquished

Notes
Turn   | Place    | Note
-------+----------+-------------------------------------------
     0 | D        | potatolord6000 the Hill Orc Monk began the quest for the Orb.
     0 | D        | Reached XP level 1. HP: 19/19 MP: 1/1
    46 | D        | Found a bloodstained altar of Trog.
    46 | D        | Found a deep blue altar of Sif Muna.
    46 | D        | Found a viscous altar of Jiyva.
    46 | D        | Found a hazy altar of Hepliaklqana.
    46 | D        | Found an opulent altar of Gozag.
    47 | D        | Found a glowing golden altar of the Shining One.
    47 | D        | Found a glowing silver altar of Zin.
    47 | D        | Found a basalt altar of Yredelemnul.
    47 | D        | Found a shimmering altar of Xom.
    47 | D        | Found an ornate altar of the Wu Jian Council.
    47 | D        | Found a sacrificial altar of Ru.
    47 | D        | Found a stormy altar of Qazlal.
    47 | D        | Found an iron altar of Okawaru.
    47 | D        | Found a sparkling altar of Nemelex Xobeh.
    47 | D        | Found a burning altar of Makhleb.
    47 | D        | Found a blossoming altar of Fedhas.
    47 | D        | Found a white marble altar of Elyvilon.
    47 | D        | Found a shadowy altar of Dithmenos.
    47 | D        | Found a snail-covered altar of Cheibriados.
    49 | D        | Found a radiant altar of Vehumet.
    49 | D        | Found a corrupted altar of Lugonu.
    49 | D        | Found a roughly hewn altar of Beogh.
    51 | D        | Found an ancient bone altar of Kikubaaqudgha.
    51 | D        | Found a hide-covered altar of Uskayaw.
    51 | D        | Found a shattered altar of Ashenzari.
    59 | D        | Became a worshipper of Beogh the Brigand
    59 | D        | Reached * piety under Beogh
    59 | D        | Reached ** piety under Beogh
    89 | D        | Reached skill level 1 in Armour
    90 | D        | Reached skill level 5 in Axes
    90 | D        | Reached XP level 2. HP: 15/28 MP: 1/3
   719 | D        | Reached *** piety under Beogh
   719 | D        | Reached skill level 5 in Fighting
   719 | D        | Reached XP level 3. HP: 36/36 MP: 4/6
   729 | D        | Reached XP level 4. HP: 33/44 MP: 4/7
   735 | D        | Reached skill level 5 in Invocations
   983 | D        | Reached **** piety under Beogh
   988 | D        | Reached ***** piety under Beogh
   991 | D        | Reached skill level 5 in Armour
   991 | D        | Reached XP level 5. HP: 21/52 MP: 7/9
  1225 | D        | Noticed a centaur
  1231 | D        | Killed a centaur
  1231 | D        | Reached XP level 6. HP: 29/61 MP: 9/11
  1388 | D        | Noticed a guardian mummy
  1396 | D        | Slain by a guardian mummy

Vault maps used:
D:        pitsprint

Skill      XL: |  1  2  3  4  5 |
---------------+----------------+-----
Armour         | 2 3 5 6 |  6.2
Fighting       | 4 5 7 8 |  8.1
Axes           | 5 6 7 8 |  8.7
Invocations    | 2 4 6 7 |  7.4
Dodging        | |  2.4
Stealth        | |  1.5

Action                   |  1- 3 |  4- 6 || total
-------------------------+-------+-------++-------
Melee: Hand axe          |    32 |    30 ||    62
Invok: Smiting           |     1 |       ||     1
  Use: Potion            |     5 |       ||     5
 Stab: Invisible         |     2 |       ||     2
  Eat: Meat ration       |       |     2 ||     2
Armor: Robe              |     4 |       ||     4
       Chain mail        |       |    13 ||    13
Dodge: Dodged            |    44 |    18 ||    62

Table legend:
 A = Spawn XP
 B = Non-spawn XP
 C = Spawn XP percentage of total XP
 D = Spawn monster count
 E = Non-spawn monster count
 F = Spawn count percentage of total count
 G = Total turns spent on level
                    A         B        C        D         E        F      G
               +---------+---------+-------+---------+---------+-------+---------
         Total |       0 |     322 |   0.0 |       0 |      18 |   0.0 |  1396
               +---------+---------+-------+---------+---------+-------+---------
             D |       0 |     322 |   0.0 |       0 |      18 |   0.0 |  1396
               +---------+---------+-------+---------+---------+-------+---------
